 Dungeon Sprint DCSS version 0.26-a0-259-g1effd001a9 (webtiles) character file.

Game seed: 7693539506158792007

194243 Apogee the Slayer (level 18, -10/217 HPs)
             Began as a Deep Dwarf Fighter on July 17, 2020.
             Was the Champion of Qazlal.
             Killed from afar by an electric golem (12 damage)
             ... with a bolt of lightning
             ... in the Dungeon (Sprint V: "Ziggurat Sprint") on July 18, 2020.
             The game lasted 00:48:28 (2491 turns).

Apogee the Slayer (Deep Dwarf Fighter)              Turns: 2491, Time: 00:48:28

Health: -10/217    AC: 52    Str: 27    XL:     18   Next: 9%
Magic:  5/20       EV:  6    Int: 10    God:    Qazlal [******]
Gold:   0          SH: 46    Dex: 15    Spells: 36/53 levels left

rFire    + + .     SeeInvis .   a - +5 war axe (vamp)
rCold    + + +     Faith    .   H - +18 shield of the Gong {rElec rN+ MR+ EV-5}
rNeg     + + +     Spirit   .   G - +15 Maxwell's patent armour {-Cast -Tele rElec MR+ rCorr}
rPois    +         Reflect  +   z - +2 helmet of the Evening Star {-Tele rC+ rN++ Regen+}
rElec    +         Harm     .   X - +2 cloak {rPois}
rCorr    +         NoTele   +   P - +2 pair of gloves {Dex+3}
MR       ++++.     NoCast   +   (no boots)
Stlth    ..........             N - amulet of reflection
HPRegen  0.00/turn              W - ring of Conformity {rF+ Slay+2}
MPRegen  0.17/turn              I - ring of Kuoshr Tudem {rC+ AC+4}

@: resistant, protected from electricity, flying (expiring), non-regenerating,
repel missiles
A: damage resistance, heal wounds, negative energy resistance 1, sense
surroundings 3, no regeneration
a: Heal Wounds, Upheaval, Elemental Force, Disaster Area, Renounce Religion


You were in the Dungeon.
You worshipped Qazlal.
Qazlal was exalted by your worship.
You were not hungry.

You visited 1 branch

Inventory:

Hand Weapons
 a - a +5 vampiric war axe (weapon)
Armour
 z - the +2 helmet of the Evening Star (worn) {-Tele rC+ rN++ Regen+}
   (You found it in the Dungeon)

   It protects you from cold.
   It greatly protects you from negative energy.
   It prevents most forms of teleportation.
   It increases your rate of regeneration.
 G - the +15 Maxwell's patent armour (worn) {-Cast -Tele rElec MR+ rCorr}
   (You found it in the Dungeon)

   It insulates you from electricity.
   It affects your resistance to hostile enchantments.
   It prevents spellcasting.
   It prevents most forms of teleportation.
   It provides partial protection from all sources of acid and corrosion.
 H - the +18 shield of the Gong (worn) {rElec rN+ MR+ EV-5}
   (You found it in the Dungeon)

   It affects your evasion (-5).
   It insulates you from electricity.
   It protects you from negative energy.
   It affects your resistance to hostile enchantments.
 P - a +2 pair of gloves of dexterity (worn)
 X - a +2 cloak of poison resistance (worn)
Magical Staves
 b - an uncursed staff of wizardry
Jewellery
 c - the amulet "Coiqorgh" {Reflect rF++ MR- Str-2 Dex+8 SH+5}
   (You took it off a salamander in the Dungeon)

   [amulet of reflection]

   It shields you and reflects attacks.
   It affects your strength (-2).
   It affects your dexterity (+8).
   It greatly protects you from fire.
   It affects your resistance to hostile enchantments.
   It affects your SH (+5).
 u - the amulet "Cosi" {Acrobat rF+ MP+9 Str+4}
   (You took it off an orc wizard in the Dungeon)

   [amulet of the acrobat]

   It helps you evade while moving and waiting.
   It affects your strength (+4).
   It protects you from fire.
   It affects your magic capacity (+9).
 A - an uncursed ring of protection from cold
 C - a +6 ring of intelligence
 D - a +6 ring of intelligence
 E - an uncursed ring of protection from cold
 F - an uncursed amulet of the acrobat
 I - the ring of Kuoshr Tudem (right hand) {rC+ AC+4}
   (You found it in the Dungeon)

   [ring of protection]

   It affects your AC (+4).
   It protects you from cold.
 J - an uncursed ring of wizardry
 M - an uncursed ring of magical power
 N - an amulet of reflection (around neck)
 O - the ring "Wecah" {rC+ Int+5}
   (You found it in the Dungeon)

   [ring of protection from cold]

   It affects your intelligence (+5).
   It protects you from cold.
 R - an uncursed ring of protection from fire
 T - the ring "Ruadgh" {rN+ Str+6 SInv}
   (You found it in the Dungeon)

   [ring of strength]

   It affects your strength (+6).
   It protects you from negative energy.
   It lets you see invisible.
 W - the ring of Conformity (left hand) {rF+ Slay+2}
   (You found it in the Dungeon)

   [ring of protection from fire]

   It affects your accuracy and damage with ranged weapons and melee attacks
   (+2).
   It protects you from fire.
 Z - the ring "Xadetea Hezo" {EV+4 Int+5 Slay+2}
   (You found it in the Dungeon)

   [ring of evasion]

   It affects your evasion (+4).
   It affects your intelligence (+5).
   It affects your accuracy and damage with ranged weapons and melee attacks
   (+2).
Wands
 y - a wand of acid (4)
Scrolls
 k - 4 scrolls of blinking
 l - 4 scrolls of amnesia
 m - 7 scrolls of fog
 n - 2 scrolls of holy word
 o - 5 scrolls of identify
 p - 5 scrolls of remove curse
 q - 2 scrolls of fear
 B - a scroll of enchant armour
 L - 3 scrolls of brand weapon
Potions
 d - 7 potions of might
 e - 10 potions of curing
 g - 14 potions of heal wounds
 h - 14 potions of haste
 i - 7 potions of magic
 j - a potion of berserk rage
 r - 2 potions of brilliance
 s - 2 potions of invisibility
 t - 3 potions of resistance
 v - 5 potions of stabbing
Miscellaneous
 K - 13 boxes of beasts
 S - 11 phantom mirrors
Comestibles
 f - 6 rations


   Skills:
 - Level 26.7 Fighting
 - Level 16.0 Axes
 - Level 25.4 Armour
 - Level 2.9 Dodging
 - Level 2.9 Stealth
 - Level 15.0 Shields
 - Level 18.1 Spellcasting
 + Level 22.6 Necromancy
 + Level 19.6 Transmutations
 - Level 20.7 Earth Magic
 - Level 10.3 Invocations
 - Level 2.4 Evocations


You had 36 spell levels left.
You knew the following spells:

 Your Spells              Type           Power        Failure   Level
a - Shatter               Erth           ######....   99%         9
b - Necromutation         Tmut/Necr      ######....   22%         8

Your spell library contained the following spells:

 Spells                   Type           Power        Failure   Level
 Animate Skeleton         Necr           ######       0%          1
 Beastly Appendage        Tmut           #####.       0%          1
 Pain                     Necr           ####         0%          1
 Sandblast                Erth           ######       0%          1
 Passwall                 Tmut/Erth      #####...     0%          2
 Vampiric Draining        Necr           ######....   0%          3
 Sting                    Tmut/Pois      ####         1%          1
 Corpse Rot               Necr/Air       N/A          1%          2
 Spider Form              Tmut/Pois      ####......   1%          3
 Stone Arrow              Conj/Erth      ####..       1%          3
 Animate Dead             Necr           ######....   1%          4
 Petrify                  Tmut/Erth      #####...     1%          4
 Agony                    Necr           ######..     1%          5
 Blade Hands              Tmut           #####.....   1%          5
 Lee's Rapid Deconstruct  Erth           ######....   1%          5
 Hydra Form               Tmut           #####.....   1%          6
 Statue Form              Tmut/Erth      #####....    1%          6
 Leda's Liquefaction      Hex/Erth       ####......   2%          4
 Ignite Poison            Fire/Tmut/Pois ###.....     4%          3
 Excruciating Wounds      Chrm/Necr      ####......   5%          5
 Dragon Form              Tmut           #####.....   5%          7
 Alistair's Intoxication  Tmut/Pois      ####....     10%         5
 Irradiate                Conj/Tmut      ####......   10%         5
 Yara's Violent Unravell  Hex/Tmut       ####......   10%         5
 Borgnjor's Revivificati  Necr           ######....   12%         8
 Infestation              Necr           ######....   12%         8
 Apportation              Tloc           #.....       21%         1
 Corona                   Hex            #......      21%         1
 Foxfire                  Conj/Fire      #...         21%         1
 Freeze                   Ice            #...         21%         1
 Infusion                 Chrm           #...         21%         1
 Magic Dart               Conj           #...         21%         1
 Summon Butterflies       Summ           #.......     21%         1
 Summon Small Mammal      Summ           #...         21%         1
 Simulacrum               Ice/Necr       ####......   28%         6
 Blink                    Tloc           N/A          30%         2
 Call Imp                 Summ           #.......     30%         2
 Ensorcelled Hibernation  Hex/Ice        #.....       30%         2
 Poisonous Vapours        Pois/Air       #.....       30%         2
 Searing Ray              Conj           #.....       30%         2
 Shroud of Golubria       Chrm/Tloc      #.....       30%         2
 Slow                     Hex            #.......     30%         2
 Song of Slaying          Chrm           #.......     30%         2
 Bolt of Magma            Conj/Fire/Erth ###.......   32%         5
 Iron Shot                Conj/Erth      ####......   41%         6
 Eringya's Noxious Bog    Tmut/Pois      ####......   47%         6
 Call Canine Familiar     Summ           #.......     52%         3
 Confusing Touch          Hex            #.......     52%         3
 Conjure Flame            Conj/Fire      #.......     52%         3
 Dazzling Flash           Conj/Hex       #.....       52%         3
 Frozen Ramparts          Ice            #.....       52%         3
 Gell's Gravitas          Tloc           #.........   52%         3
 Inner Flame              Hex/Fire       #.......     52%         3
 Lesser Beckoning         Tloc           #.........   52%         3
 Mephitic Cloud           Conj/Pois/Air  #.......     52%         3
 Ozocubu's Armour         Chrm/Ice       #.......     52%         3
 Recall                   Summ/Tloc      N/A          52%         3
 Spectral Weapon          Hex/Chrm       #.......     52%         3
 Static Discharge         Conj/Air       #.......     52%         3
 Teleport Other           Tloc           #.......     52%         3
 Tukima's Dance           Hex            #.......     52%         3
 Haunt                    Necr/Summ      ####......   85%         7
 Cause Fear               Hex            #.........   89%         4
 Fulminant Prism          Conj/Hex       #.........   89%         4
 Hailstorm                Conj/Ice       #.......     89%         4
 Olgreb's Toxic Radiance  Pois           #.......     89%         4
 Passage of Golubria      Tloc           N/A          89%         4
 Summon Ice Beast         Ice/Summ       #.......     89%         4
 Summon Lightning Spire   Summ/Air       #.......     89%         4
 Aura of Abjuration       Summ           #.........   99%         5
 Fireball                 Conj/Fire      #.........   99%         5
 Iskenderun's Battlesphe  Conj/Chrm      #.......     99%         5
 Lightning Bolt           Conj/Air       #.........   99%         5
 Metabolic Englaciation   Hex/Ice        #.........   99%         5
 Silence                  Hex/Air        #.........   99%         5
 Summon Forest            Summ/Tloc      #.........   99%         5
 Summon Mana Viper        Hex/Summ       #.......     99%         5
 Conjure Ball Lightning   Conj/Air       #.........   100%        6
 Darkness                 Hex            #.........   100%        6
 Freezing Cloud           Conj/Ice/Air   #.........   100%        6
 Invisibility             Hex            #.......     100%        6
 Ozocubu's Refrigeration  Ice            #.........   100%        6
 Shadow Creatures         Summ           N/A          100%        6
 Starburst                Conj/Fire      #.........   100%        6
 Orb of Destruction       Conj           #.........   100%        7
 Ring of Flames           Chrm/Fire      #.........   100%        7
 Spellforged Servitor     Conj/Summ      #.........   100%        7
 Summon Hydra             Summ           #.........   100%        7
 Chain Lightning          Conj/Air       #.........   100%        8
 Death's Door             Chrm/Necr      ####......   100%        8
 Discord                  Hex            #.........   100%        8
 Ignition                 Fire           #.........   100%        8
 Lehudib's Crystal Spear  Conj/Erth      ####......   100%        8
 Absolute Zero            Ice            #.........   100%        9
 Dragon's Call            Summ           #.........   100%        9
 Fire Storm               Conj/Fire      #.........   100%        9
 Tornado                  Air            #.........   100%        9


Dungeon Overview and Level Annotations

Branches:
Dungeon (1/1)

Altars:
Ashenzari
Cheibriados
Dithmenos
Elyvilon
Fedhas
Gozag
Hepliaklqana
Kikubaaqudgha
Makhleb
Nemelex Xobeh
Okawaru
Qazlal
Ru
Sif Muna
Trog
Uskayaw
Vehumet
Wu Jian
Xom
Yredelemnul
Zin
The Shining One
Beogh
Jiyva
Lugonu

Annotations:
D 1 transporter


Innate Abilities, Weirdness & Mutations

You are resistant to damage.
You can heal yourself by infusing magical energy.
You resist negative energy. (rN+)
You passively map a large area around you.
You do not regenerate.


Message History

The bolt of lightning misses the air elemental.
You block the electric golem's attack.
BONNNG!
You block the electric golem's attack.
GONNNNG!
The electric golem hits you but does no damage. x2
The air elemental hits you but does no damage.
The storm dragon breathes lightning at you.
The bolt of lightning hits the air elemental.
The air elemental completely resists.
The bolt of lightning hits you! You resist.
You feel more protected from electricity.
* * * LOW HITPOINT WARNING * * *
The bolt of lightning hits the air elemental.
The air elemental completely resists.
The bolt of lightning hits the titan.
The titan completely resists.
The air elemental closely misses you.
The electric golem hurls lightning at you.
The bolt of lightning misses the air elemental.
The bolt of lightning hits you! You resist.
You die...

...†.▓.▓.▓.....▓.▓....©....▓
..©..).▓....©....▓▓▓▓▓▓▓▓▓▓▓
▓▓▓▓▓▓▓▓▓▓▓▓▓▓▓▓▓▓▓▓▓▓▓▓▓▓*
▓▓▓▓▓▓▓▓ ......§8©8§........▓
.......▓ }}}}).§§☼}§§))"[)).▓
)})..).▓ |:.§}§"=§§§8°§8)[:.▓
.)|.)}.▓ =:§§CDi§§DD§D§v:k:.▓
))..}..▓ ...§§§§CE§§§§§§....▓
.......▓,.§§§§D§@EED§§§§....▓
.......▓ ..§§§§E8D§§§§§§.§..▓
.......▓,...§§CEEEE§§8§§....▓
.......▓ ...§§§§8§E§§○§§....▓
.......▓,...§§§§§§§§§§§§....▓
.......▓ ...▓.§§§§§§§§§▓....▓
.......▓,.....§§§§§§§.......▓
.......▓,.....§§§§§§§.......▓
.......▓, ......≈...........▓


You could see 5 electric golems, 3 titans, 7 storm dragons, a spriggan air mage
(repels missiles), 9 air elementals and an insubstantial wisp.

Vanquished Creatures
  2 caustic shrikes (shapeshifter) (D)
  A bone dragon (D)
  4 Ice Fiends (D)
  8 deep elf blademasters (D)
  2 acid blobs (shapeshifter) (D)
  11 deep elf master archers (D)
  A shadow dragon (shapeshifter) (D)
  2 nagarajas (D)
  5 frost giants (D)
  8 deep elf sorcerers (D)
  6 orc warlords (D)
  A draconian stormcaller (D)
  An ironheart preserver (D)
  6 green draconians (D)
  8 stone giants (D)
  3 black draconians (D)
  A yellow draconian (D)
  5 red draconians (D)
  5 deep elf annihilators (D)
  2 purple draconians (D)
  2 white draconians (D)
  A death ooze (D)
  A merfolk javelineer (D)
  5 blizzard demons (D)
  9 deep elf high priests (D)
  4 naga warriors (D)
  3 yaktaur captains (D)
  2 vault guards (D)
  7 ice dragons (D)
  2 hydras (D)
  2 catoblepae (D)
  2 centaur warriors (D)
  6 anacondas (D)
  An anaconda (shapeshifter) (D)
  9 dancing weapons (D)
  A death yak (D)
  4 orc high priests (D)
  10 deep elf knights (D)
  A glowing orange brain (shapeshifter) (D)
  2 deep elf archers (D)
  7 orc knights (D)
  An ironbrand convoker (D)
  2 necromancers (D)
  4 large abominations (D)
  22 deep elf magi (D)
  7 orc sorcerers (D)
  3 slime creatures (D)
  5 moths of wrath (D)
  A salamander (shapeshifter) (D)
  A shining eye (D)
  An elephant (D)
  A moth of wrath (shapeshifter) (D)
  A black mamba (shapeshifter) (D)
  11 guardian serpents (D)
  7 black mambas (D)
  3 naga magi (D)
  2 water nymphs (shapeshifter) (D)
  2 rust devils (D)
  An eye of devastation (D)
  A cane toad (D)
  A komodo dragon (shapeshifter) (D)
  3 komodo dragons (D)
  4 rime drakes (D)
  A yaktaur (D)
  2 freezing wraiths (D)
  2 trolls (D)
  A red devil (D)
  3 ice devils (D)
  6 polar bears (D)
  A polar bear (shapeshifter) (D)
  2 ancient zymes (D)
  A troll (shapeshifter) (D)
  2 merfolk (D)
  2 hornets (shapeshifter) (D)
  4 wind drakes (D)
  2 blink frogs (D)
  A raiju (D)
  A hippogriff (shapeshifter) (D)
  A dream sheep (shapeshifter) (D)
  A flying skull (D)
  2 hippogriffs (D)
  A ynoxinul (D)
  3 shadows (D)
  5 air elementals (D)
  2 spriggans (D)
  A vampire (D)
  5 water elementals (D)
  A wyvern (D)
  A fire elemental (D)
  2 yaks (D)
  3 golden eyes (D)
  A wraith (D)
  A basilisk (D)
  3 wargs (D)
  3 nagas (D)
  A warg (shapeshifter) (D)
  4 insubstantial wisps (D)
  A swamp worm (shapeshifter) (D)
  13 water moccasins (D)
  6 ice beasts (D)
  2 floating eyes (shapeshifter) (D)
  18 orc warriors (D)
  An ice beast (shapeshifter) (D)
  A wolf (D)
  3 black bears (D)
  5 necrophages (D)
  11 ogres (D)
  3 centaurs (D)
  A centaur (shapeshifter) (D)
  A crocodile (D)
  2 earth elementals (D)
  3 wights (D)
  2 quasits (D)
  6 orc priests (D)
  7 orc wizards (D)
  3 iron imps (D)
  8 small abominations (D)
  A mummy (D)
  A gnoll (D)
  3 adders (D)
  2 shadow imps (D)
  3 white imps (D)
  3 ufetubi (D)
  An ooze (D)
  An adder skeleton (D)
  An adder zombie (D)
  An adder simulacrum (D)
  6 orcs (D)
  3 bat skeletons (D)
  A bat zombie (D)
  5 ball pythons (D)
  A ball python simulacrum (D)
  A ball python skeleton (D)
  A ball python zombie (D)
  A bat simulacrum (D)
  A giant cockroach simulacrum (D)
  A giant cockroach zombie (D)
  2 jackal zombies (D)
  2 quokka zombies (D)
  6 crawling corpses (D)
  A lurking horror (D)
465 creatures vanquished.

Vanquished Creatures (collateral kills)
  A deep elf archer (D)
  A rime drake (D)
  A crawling corpse (D)
3 creatures vanquished.

Vanquished Creatures (others)
  An electric golem (D)
  3 titans (D)
  6 storm dragons (D)
  3 deep elf sorcerers (D)
  A yellow draconian (D)
  An ice dragon (D)
  A deep elf high priest (D)
  2 yaktaur captains (D)
  6 spriggan air magi (D)
  2 dancing weapons (D)
  2 deep elf archers (D)
  A deep elf mage (D)
  A shining eye (shapeshifter) (D)
  A rime drake (D)
  A polar bear (D)
  A wind drake (D)
  A water elemental (D)
  7 insubstantial wisps (D)
  A naga (D)
  A necrophage (D)
  An earth elemental (D)
  A small abomination (D)
45 creatures vanquished.

Grand Total: 513 creatures vanquished

Notes
Turn   | Place    | Note
-------+----------+-------------------------------------------
     0 | D        | Apogee the Deep Dwarf Fighter began the quest for the Orb.
     0 | D        | Reached XP level 1. HP: 20/20 MP: 1/1
     2 | D        | Found a blossoming altar of Fedhas.
     3 | D        | Found the +6 Majin-Bo {vamp, Archmagi MP+6 Int+6}
     3 | D        | Found the +7 great mace "Firestarter" {inner flame, rF++}
     3 | D        | Found a viscous altar of Jiyva.
     3 | D        | Found a hazy altar of Hepliaklqana.
     3 | D        | Found a transporter.
     3 | D        | Found an opulent altar of Gozag.
     3 | D        | Found an ancient bone altar of Kikubaaqudgha.
     3 | D        | Found a corrupted altar of Lugonu.
    13 | D        | Found a burning altar of Makhleb.
    14 | D        | Found a sacrificial altar of Ru.
    14 | D        | Found a stormy altar of Qazlal.
    14 | D        | Found a shimmering blue altar of Sif Muna.
    14 | D        | Found an iron altar of Okawaru.
    14 | D        | Found a bloodstained altar of Trog.
    14 | D        | Found a sparkling altar of Nemelex Xobeh.
    32 | D        | Found the +9 heavy crossbow "Sniper" {vorpal, Acc+∞ SInv}
    32 | D        | Found the +10 dark maul {vorpal}
    32 | D        | Found the +15 Maxwell's patent armour {-Cast -Tele rElec
                  | MR+ rCorr}
    32 | D        | Found the +18 shield of the Gong {rElec rN+ MR+ EV-5}
    32 | D        | Found the cursed +14 obsidian axe {vorpal, +Fly SInv
                  | *Curse}
    33 | D        | Found the +6 shillelagh "Devastator" {shatter}
    33 | D        | Found the +11 plutonium sword {*Contam Stlth-}
    33 | D        | Found the +8 lance "Wyrmbane" {slay drac, rPois rF+ rC+
                  | AC+3}
    33 | D        | Found the +9 sword of Zonguldrok {reap}
    33 | D        | Found the cursed +13 scythe of Curses {drain, *Curse}
    33 | D        | Found the +0 sword of Power
    33 | D        | Found the +7 mace of Variability {chain chaos}
    33 | D        | Found the +7 Singing Sword {vorpal, sonic wave}
    33 | D        | Found the +8 storm bow {elec, penet}
    92 | D        | Became a worshipper of Qazlal Stormbringer
   100 | D        | Reached skill level 4 in Fighting
   100 | D        | Reached XP level 2. HP: 31/31 MP: 2/2
   106 | D        | Entered arena 2.
   106 | D        | Noticed a merfolk
   106 | D        | Noticed a merfolk
   106 | D        | Found a transporter.
   115 | D        | Killed a merfolk
   115 | D        | Reached skill level 7 in Fighting
   115 | D        | Reached XP level 3. HP: 33/43 MP: 3/3
   115 | D        | Reached XP level 4. HP: 39/51 MP: 4/4
   115 | D        | Reached XP level 5. HP: 44/57 MP: 5/5
   121 | D        | Killed a merfolk
   121 | D        | Reached skill level 8 in Fighting
   121 | D        | Reached XP level 6. HP: 52/67 MP: 6/6
   142 | D        | Entered arena 3.
   142 | D        | Found a transporter.
   145 | D        | Reached * piety under Qazlal
   157 | D        | Entered arena 4.
   157 | D        | Noticed a water moccasin
   157 | D        | Found a transporter.
   161 | D        | Reached ** piety under Qazlal
   164 | D        | Reached XP level 7. HP: 70/75 MP: 7/7
   172 | D        | Got the Guide on the Harmful Traveller
   174 | D        | Got the ring of Kuoshr Tudem {rC+ AC+4}
   178 | D        | Entered arena 5.
   178 | D        | Found a transporter.
   186 | D        | Reached *** piety under Qazlal
   202 | D        | Entered arena 6.
   202 | D        | Noticed a deep elf knight
   202 | D        | Noticed a deep elf mage
   202 | D        | Noticed a +6 scimitar of draining
   202 | D        | Noticed a deep elf knight
   202 | D        | Noticed a deep elf knight
   202 | D        | Found a transporter.
   215 | D        | Killed a deep elf knight
   215 | D        | Reached **** piety under Qazlal
   215 | D        | Reached skill level 9 in Fighting
   215 | D        | Reached skill level 10 in Axes
   215 | D        | Reached skill level 1 in Dodging
   215 | D        | Reached skill level 1 in Invocations
   215 | D        | Reached XP level 8. HP: 52/85 MP: 4/8
   216 | D        | Killed a deep elf knight
   222 | D        | Killed a deep elf mage
   222 | D        | Gained mutation: You passively map the area around you.
                  | [Deep Dwarf growth]
   222 | D        | Reached XP level 9. HP: 40/93 MP: 5/10
   230 | D        | Killed a deep elf knight
   230 | D        | Reached skill level 10 in Fighting
   230 | D        | Reached skill level 10 in Armour
   273 | D        | Killed a +6 scimitar of draining
   273 | D        | Reached ***** piety under Qazlal
   282 | D        | Entered arena 7.
   283 | D        | Found a transporter.
   295 | D        | Reached XP level 10. HP: 91/103 MP: 8/8
   301 | D        | Reached skill level 15 in Shields
   307 | D        | Got the Tome of Enthralling Black Arts
   311 | D        | Entered arena 8.
   312 | D        | Found a transporter.
   319 | D        | Reached ****** piety under Qazlal
   334 | D        | Entered arena 9.
   334 | D        | Noticed a vault guard
   334 | D        | Noticed a deep elf knight
   334 | D        | Noticed an orc knight
   334 | D        | Noticed a vault guard
   334 | D        | Noticed an ironbrand convoker
   334 | D        | Noticed an ironheart preserver
   334 | D        | Noticed a deep elf archer
   336 | D        | Found a transporter.
   345 | D        | Killed an ironheart preserver
   345 | D        | Reached skill level 11 in Fighting
   352 | D        | Killed an ironbrand convoker
   354 | D        | Killed a deep elf archer
   354 | D        | Reached skill level 15 in Axes
   355 | D        | Killed an orc knight
   361 | D        | Killed a vault guard
   361 | D        | Reached skill level 12 in Fighting
   361 | D        | Reached skill level 5 in Invocations
   368 | D        | Killed a vault guard
   368 | D        | Reached XP level 11. HP: 39/115 MP: 4/11
   372 | D        | Killed a deep elf knight
   372 | D        | Reached skill level 13 in Fighting
   379 | D        | Got the ring "Wecah" {rC+ Int+5}
   431 | D        | Entered arena 10.
   432 | D        | Found a transporter.
   461 | D        | Entered arena 11.
   462 | D        | Identified the +9 mace of Peril {flame, rF++}
   462 | D        | Found a transporter.
   495 | D        | Got the ring "Ruadgh" {rN+ Str+6 SInv}
   500 | D        | Entered arena 12.
   500 | D        | Noticed a shining eye
   500 | D        | Noticed a death ooze
   506 | D        | Killed a shining eye
   512 | D        | Reached skill level 14 in Fighting
   515 | D        | Killed a death ooze
   523 | D        | Found a transporter.
   585 | D        | Got the ring of Conformity {rF+ Slay+2}
   690 | D        | Entered arena 13.
   690 | D        | Noticed an ice dragon
   690 | D        | Noticed a blizzard demon
   690 | D        | Noticed an ice dragon
   690 | D        | Noticed an ice dragon
   690 | D        | Noticed a frost giant
   715 | D        | Killed an ice dragon
   715 | D        | Reached skill level 15 in Fighting
   716 | D        | Killed a blizzard demon
   719 | D        | Reached skill level 1 in Evocations
   737 | D        | Killed an ice dragon
   747 | D        | Killed an ice dragon
   748 | D        | Reached skill level 16 in Fighting
   749 | D        | Killed a frost giant
   749 | D        | Reached skill level 10 in Invocations
   749 | D        | Reached XP level 12. HP: 64/134 MP: 4/11
   751 | D        | Found the +10 tower shield of Ignorance {rN+ Int-4}
   753 | D        | Found a transporter.
   808 | D        | Entered arena 14.
   817 | D        | Reached skill level 1 in Spellcasting
   818 | D        | Found a transporter.
   844 | D        | Got Rites and Rhymes in Simple Steps
   874 | D        | Entered arena 15.
   893 | D        | Reached skill level 17 in Fighting
   900 | D        | Found a transporter.
   943 | D        | Entered arena 16.
   943 | D        | Noticed a centaur warrior
   944 | D        | Noticed a stone giant
   944 | D        | Noticed a stone giant
   944 | D        | Identified the amulet of Bataf {Faith rPois rC+}
   944 | D        | Noticed a yaktaur captain
   944 | D        | Identified the +3 scimitar of Attainder {chaos, Int+4}
   944 | D        | Identified the ring "Fiesapt" {+Fly rElec MR+}
   944 | D        | Noticed a merfolk javelineer
   944 | D        | Noticed a yaktaur captain
   945 | D        | Noticed a centaur warrior
   945 | D        | Noticed a yaktaur captain
   945 | D        | Noticed a yaktaur captain
   945 | D        | Noticed a yaktaur captain
   946 | D        | Killed a centaur warrior
   947 | D        | Found a transporter.
   948 | D        | Killed a yaktaur captain
   948 | D        | Killed a stone giant
   948 | D        | Reached skill level 5 in Spellcasting
   950 | D        | Killed a centaur warrior
   951 | D        | Killed a stone giant
   951 | D        | Reached skill level 18 in Fighting
   951 | D        | Reached skill level 15 in Armour
   953 | D        | Killed a yaktaur captain
   954 | D        | Killed a yaktaur captain
   957 | D        | Killed a yaktaur captain
   958 | D        | Killed a yaktaur captain
   961 | D        | Killed a merfolk javelineer
   965 | D        | Got the Almanac of Excruciating Ice
  1030 | D        | Entered arena 17.
  1033 | D        | Noticed an orc warlord
  1033 | D        | Noticed an orc warlord
  1034 | D        | Reached XP level 13. HP: 148/148 MP: 14/14
  1054 | D        | Reached skill level 19 in Fighting
  1060 | D        | Killed an orc warlord
  1062 | D        | Killed an orc warlord
  1066 | D        | Found a transporter.
  1087 | D        | Got the Compendium of the Dislocated Mountains
  1089 | D        | Got Sif Muna's Almanac of Frigorific Changing
  1126 | D        | Entered arena 18.
  1128 | D        | Noticed a deep elf annihilator
  1128 | D        | Noticed a deep elf blademaster
  1128 | D        | Noticed a deep elf sorcerer
  1128 | D        | Noticed a deep elf master archer
  1129 | D        | Noticed a deep elf master archer
  1129 | D        | Identified the +8 mace of Blood {drain, +Blink rPois Dex+5}
  1130 | D        | Identified the amulet of Hyawif {Spirit Fragile MR+ Stlth+}
  1130 | D        | Noticed a deep elf blademaster
  1130 | D        | Noticed a deep elf sorcerer
  1134 | D        | Killed a deep elf master archer
  1134 | D        | Reached skill level 20 in Fighting
  1135 | D        | Killed a deep elf master archer
  1139 | D        | Killed a deep elf sorcerer
  1141 | D        | Killed a deep elf blademaster
  1146 | D        | Killed a deep elf sorcerer
  1151 | D        | Killed a deep elf blademaster
  1151 | D        | Reached skill level 21 in Fighting
  1151 | D        | Reached skill level 10 in Spellcasting
  1154 | D        | Found a transporter.
  1157 | D        | Killed a deep elf annihilator
  1157 | D        | Gained mutation: You resist negative energy. (rN+) [Deep
                  | Dwarf growth]
  1157 | D        | Reached XP level 14. HP: 122/165 MP: 4/19
  1163 | D        | Got the Volume of Transformation and Weightlessness
  1253 | D        | Entered arena 19.
  1255 | D        | Identified the +6 quarterstaff of Corporal Punishment
                  | {vorpal, Str+4}
  1256 | D        | Identified the +9 falchion of the Muttering Hero {vorpal,
                  | rC+ Dex+4}
  1256 | D        | Noticed a yellow draconian stormcaller
  1276 | D        | Reached skill level 22 in Fighting
  1282 | D        | Killed a yellow draconian stormcaller
  1283 | D        | Reached skill level 1 in Stealth
  1287 | D        | Reached skill level 23 in Fighting
  1303 | D        | Found a transporter.
  1392 | D        | Entered arena 20.
  1411 | D        | Noticed a bone dragon
  1454 | D        | Killed a bone dragon
  1457 | D        | Found the +7 Spriggan's Knife {stab, EV+4 Stlth+}
  1459 | D        | Found a transporter.
  1470 | D        | Got the Handbook of the Assorted Xalams
  1491 | D        | Learned a level 9 spell: Shatter
  1507 | D        | Entered arena 21.
  1514 | D        | Noticed a sphinx
  1515 | D        | Noticed a juggernaut
  1515 | D        | Noticed an iron giant
  1515 | D        | Noticed an azure jelly
  1515 | D        | a sphinx changed into an azure jelly
  1515 | D        | Noticed an iron dragon
  1515 | D        | an iron giant changed into an iron dragon
  1515 | D        | Noticed a glowing shapeshifter
  1515 | D        | Noticed a titan
  1516 | D        | Identified the +7 great sword "Kiryge" {holy, Fragile rC-
                  | rN+++ Stlth+}
  1516 | D        | Identified the amulet "Coiqorgh" {Reflect rF++ MR- Str-2
                  | Dex+8 SH+5}
  1516 | D        | an azure jelly changed into a dire elephant
  1517 | D        | Reached skill level 1 in Earth Magic
  1517 | D        | Noticed a sphinx
  1517 | D        | a dire elephant changed into a sphinx
  1518 | D        | Noticed a juggernaut
  1518 | D        | Noticed a shard shrike
  1518 | D        | a juggernaut changed into a shard shrike
  1519 | D        | Noticed an acid blob
  1519 | D        | a juggernaut changed into an acid blob
  1519 | D        | a glowing shapeshifter changed into a wolf
  1520 | D        | Noticed a shard shrike
  1520 | D        | a titan changed into a shard shrike
  1521 | D        | Noticed a golden dragon
  1521 | D        | an iron dragon changed into a golden dragon
  1523 | D        | Noticed a titan
  1523 | D        | a shard shrike changed into a titan
  1524 | D        | Noticed a juggernaut
  1524 | D        | a titan changed into a juggernaut
  1525 | D        | Noticed a titan
  1525 | D        | a shard shrike changed into a titan
  1527 | D        | Noticed an acid blob
  1527 | D        | a juggernaut changed into an acid blob
  1528 | D        | Noticed an iron dragon
  1528 | D        | a titan changed into an iron dragon
  1528 | D        | Noticed a shadow dragon
  1528 | D        | a sphinx changed into a shadow dragon
  1528 | D        | Noticed an iron dragon
  1528 | D        | a golden dragon changed into an iron dragon
  1529 | D        | Noticed a golden dragon
  1529 | D        | a shadow dragon changed into a golden dragon
  1530 | D        | Killed an acid blob
  1530 | D        | Reached skill level 5 in Earth Magic
  1530 | D        | Reached XP level 15. HP: 164/181 MP: 1/19
  1531 | D        | Noticed an iron giant
  1531 | D        | an iron dragon changed into an iron giant
  1531 | D        | Noticed a golden dragon
  1531 | D        | an acid blob changed into a golden dragon
  1532 | D        | Noticed an iron giant
  1532 | D        | a golden dragon changed into an iron giant
  1532 | D        | Noticed a golden dragon
  1532 | D        | an iron dragon changed into a golden dragon
  1533 | D        | Reached skill level 24 in Fighting
  1535 | D        | Noticed a caustic shrike
  1535 | D        | an iron giant changed into a caustic shrike
  1535 | D        | Noticed an iron giant
  1535 | D        | a golden dragon changed into an iron giant
  1536 | D        | Noticed an acid blob
  1536 | D        | an iron giant changed into an acid blob
  1537 | D        | Noticed an iron giant
  1537 | D        | a golden dragon changed into an iron giant
  1539 | D        | Noticed a shadow dragon
  1539 | D        | a caustic shrike changed into a shadow dragon
  1539 | D        | Noticed a shadow dragon
  1539 | D        | an acid blob changed into a shadow dragon
  1540 | D        | Noticed a caustic shrike
  1540 | D        | an iron giant changed into a caustic shrike
  1542 | D        | Noticed a golden dragon
  1542 | D        | an iron giant changed into a golden dragon
  1543 | D        | Noticed a caustic shrike
  1543 | D        | a golden dragon changed into a caustic shrike
  1545 | D        | Noticed an acid blob
  1545 | D        | a shadow dragon changed into an acid blob
  1546 | D        | Noticed a golden dragon
  1546 | D        | an acid blob changed into a golden dragon
  1546 | D        | Noticed a golden dragon
  1546 | D        | a caustic shrike changed into a golden dragon
  1547 | D        | Killed a caustic shrike
  1548 | D        | Killed a shadow dragon
  1548 | D        | Noticed a caustic shrike
  1548 | D        | a golden dragon changed into a caustic shrike
  1549 | D        | Noticed a golden dragon
  1549 | D        | a caustic shrike changed into a golden dragon
  1552 | D        | Noticed an acid blob
  1552 | D        | a golden dragon changed into an acid blob
  1553 | D        | Noticed a caustic shrike
  1553 | D        | a golden dragon changed into a caustic shrike
  1558 | D        | Killed an acid blob
  1561 | D        | Killed a caustic shrike
  1561 | D        | Reached skill level 10 in Earth Magic
  1564 | D        | Found a transporter.
  1578 | D        | Got the Disquisition on Necromancy and Creation
  1581 | D        | Got the ring "Xadetea Hezo" {EV+4 Int+5 Slay+2}
  1647 | D        | Entered arena 22.
  1687 | D        | Found a transporter.
  1699 | D        | Got the Tome of Poisonous Cold
  1701 | D        | Got the Volume of Supportive Evil Rites
  1749 | D        | Entered arena 23.
  1755 | D        | Noticed a deep elf master archer
  1755 | D        | Noticed a deep elf sorcerer
  1755 | D        | Identified the cursed +1 trident "Wusas" {venom, +Blink
                  | rPois Dex-5}
  1756 | D        | Noticed a deep elf blademaster
  1756 | D        | Noticed a deep elf master archer
  1756 | D        | Identified the +10 dagger "Newtslayer" {freeze, *Rage +Inv
                  | rN+ Dex+2}
  1757 | D        | Noticed a deep elf blademaster
  1757 | D        | Noticed a deep elf blademaster
  1765 | D        | Killed a deep elf master archer
  1765 | D        | Reached skill level 15 in Spellcasting
  1765 | D        | Reached skill level 25 in Fighting
  1765 | D        | Killed a deep elf master archer
  1766 | D        | Killed a deep elf blademaster
  1767 | D        | Killed a deep elf sorcerer
  1768 | D        | Reached skill level 15 in Earth Magic
  1771 | D        | Killed a deep elf blademaster
  1774 | D        | Found the +5 robe of Misfortune {*Contam Harm *Corrode
                  | *Drain *Slow EV+5}
  1775 | D        | Found a transporter.
  1776 | D        | Reached XP level 16. HP: 85/195 MP: 3/23
  1780 | D        | Killed a deep elf blademaster
  1912 | D        | Entered arena 24.
  1917 | D        | Noticed an Ice Fiend
  1919 | D        | Noticed an Ice Fiend
  1920 | D        | Noticed an Ice Fiend
  1921 | D        | Noticed an Ice Fiend
  1922 | D        | Found the +8 frozen axe "Frostbite" {freezing cloud, *Noise
                  | +Fly rC+}
  1922 | D        | Identified the ring of Rosmioz {rPois rC+ rN+ Str-5}
  1939 | D        | Killed an Ice Fiend
  1940 | D        | Killed an Ice Fiend
  1940 | D        | Reached skill level 26 in Fighting
  1942 | D        | Killed an Ice Fiend
  1949 | D        | Killed an Ice Fiend
  1961 | D        | Found the +6 arbalest "Damnation" {damnation}
  1961 | D        | Found the +12 glaive of Prune {vorpal}
  1961 | D        | Found a transporter.
  2022 | D        | Entered arena 25.
  2030 | D        | Identified the amulet "Rojohytie" {Reflect MR+ Str-2 SH+5
                  | Stlth+}
  2033 | D        | Identified the amulet of Ru's Approval {Reflect rF+ SH+5
                  | Stlth+}
  2036 | D        | Identified the +9 great mace of Big Damage {antimagic,
                  | *Noise rN+ Str+4}
  2063 | D        | Found a transporter.
  2084 | D        | Got the +2 helmet of the Evening Star {-Tele rC+ rN++
                  | Regen+}
  2104 | D        | Learned a level 8 spell: Necromutation
  2131 | D        | Got the Incunabulum of the Oath and Heat
  2160 | D        | Entered arena 26.
  2168 | D        | Noticed a deep elf blademaster
  2169 | D        | Identified the ring "Bufae" {Fire rPois Stlth+}
  2169 | D        | Noticed a deep elf master archer
  2169 | D        | Noticed a deep elf master archer
  2169 | D        | Noticed a deep elf master archer
  2170 | D        | Noticed a deep elf blademaster
  2170 | D        | Noticed a deep elf master archer
  2170 | D        | Noticed a deep elf master archer
  2171 | D        | Identified the +9 short sword "Zuygh" {flame, *Corrode
                  | rPois rN+ Str+2}
  2171 | D        | Identified the ring of Zugestrir {rF+ MR+ Int+3}
  2171 | D        | Noticed a deep elf master archer
  2171 | D        | Identified the +10 long sword of Impermanence {flame, rC+
                  | Str+4 Int+4}
  2172 | D        | Noticed a deep elf blademaster
  2172 | D        | Identified the +3 spear "Gafeyru" {vorpal, rPois rC+ Int+4}
  2174 | D        | Reached skill level 1 in Transmutations
  2175 | D        | Killed a deep elf master archer
  2175 | D        | Reached skill level 5 in Transmutations
  2175 | D        | Reached XP level 17. HP: 186/207 MP: 4/19
  2175 | D        | Reached skill level 10 in Necromancy
  2175 | D        | Killed a deep elf master archer
  2175 | D        | Noticed a deep elf master archer
  2178 | D        | Reached skill level 10 in Transmutations
  2179 | D        | Killed a deep elf master archer
  2183 | D        | Killed a deep elf master archer
  2189 | D        | Killed a deep elf blademaster
  2192 | D        | Killed a deep elf blademaster
  2196 | D        | Killed a deep elf master archer
  2197 | D        | Reached skill level 15 in Necromancy
  2199 | D        | Killed a deep elf blademaster
  2199 | D        | Killed a deep elf master archer
  2202 | D        | Killed a deep elf master archer
  2209 | D        | Reached skill level 15 in Transmutations
  2249 | D        | Found a transporter.
  2265 | D        | Got the Reference Book on Ashen Poison
  2271 | D        | Got Zub Juju's Compendium of Weightlessness and Stones
  2284 | D        | Got the +9 plate armour "Utoahuax" {+Blink rElec rPois
                  | Dex-2}
  2326 | D        | Entered arena 27.
  2335 | D        | Identified the ring "Xeowag" {rElec rPois Int+3 SInv}
  2342 | D        | Identified the +7 hand axe "Qaofir" {vorpal, rElec MR-
                  | Dex+6}
  2350 | D        | Identified the +9 mace "Hulk" {venom, *Corrode *Drain rElec
                  | rPois}
  2356 | D        | Identified the amulet of Rijajiq {Reflect *Corrode rF+
                  | Str+3 SH+5}
  2364 | D        | Identified the ring "Utiyludi" {Wiz MR++ Int+3}
  2368 | D        | Identified the +5 scythe of Acrifuhe {flame, rC+}
  2389 | D        | Identified the +3 quick blade "Gotadilo" {freeze, rC+ rN+
                  | Dex-4}
  2389 | D        | Identified the amulet "Cosi" {Acrobat rF+ MP+9 Str+4}
  2390 | D        | Identified the +0 ice dragon scales "Uha Obraa" {rElec rF-
                  | rC++ Regen+ MP-9 Int+3}
  2397 | D        | Identified the ring of Spring {MR+ SInv}
  2434 | D        | Found a transporter.
  2442 | D        | Got the Papyrus of Dusty Toxins
  2459 | D        | Got Sif Muna's Reference Book on Changing and the Frostbite
  2473 | D        | Entered arena 28.
  2481 | D        | Noticed an electric golem
  2482 | D        | Noticed a titan
  2483 | D        | Noticed an electric golem
  2486 | D        | Noticed an electric golem
  2486 | D        | Identified the +4 dagger "Coech" {vorpal, +Rage rElec rC++
                  | Stlth-}
  2486 | D        | Noticed an electric golem
  2486 | D        | Noticed an electric golem
  2486 | D        | Identified the +7 short sword of Crystal {venom, Str+7
                  | Int-5}
  2486 | D        | Noticed a titan
  2486 | D        | Noticed an electric golem
  2487 | D        | Noticed a titan
  2487 | D        | Gained mutation: You passively map a large area around you.
                  | [Deep Dwarf growth]
  2487 | D        | Reached XP level 18. HP: 114/217 MP: 12/20
  2488 | D        | Found a transporter.
  2491 | D        | Killed an electric golem
  2491 | D        | HP: 8/217 [titan/bolt of lightning (7)]
  2491 | D        | HP: 2/217 [storm dragon/bolt of lightning (6)]
  2491 | D        | Killed from afar by an electric golem

Illustrated notes

Levels and vault maps discovered:
D:        sprint_v [room_start, room_1, room_2, room_3, room_4, room_5, room_6,
          room_7, room_8, room_9, room_10, room_11, room_12, room_13, room_14,
          room_15, room_16, room_17, room_18, room_19, room_20, room_21,
          room_22, room_23, room_24, room_25, room_26, room_27]

Skill      XL: |  1  2  3  4  5  6  7  8  9 10 11 12 13 14 15 16 17 18 |
---------------+-------------------------------------------------------+-----
Fighting       | 4 7 8 9 10 12 16 18 21 23 25 26 | 26.7
Axes           | 7 8 10 11 13 16 | 16.0
Armour         | 6 8 9 10 11 13 15 18 20 23 25 | 25.4
Shields        | 6 7 8 11 13 14 15 | 15.0
Dodging        | 1 2 |  2.9
Invocations    | 1 2 5 10 | 10.3
Evocations     | 2 |  2.4
Spellcasting   | 6 10 12 15 18 | 18.1
Stealth        | 2 |  2.9
Earth Magic    | 5 15 20 | 20.7
Necromancy     | 9 21 22 | 22.6
Transmutations | 7 19 | 19.6

Action                   |  1- 3 |  4- 6 |  7- 9 | 10-12 | 13-15 | 16-18 || total
-------------------------+-------+-------+-------+-------+-------+-------++-------
Melee: War axe           |     7 |    15 |    99 |   189 |   207 |   184 ||   701
Invok: Upheaval          |       |       |     1 |     1 |     3 |     2 ||     7
       Disaster Area     |       |       |       |     6 |    13 |    12 ||    31
       Elemental Force   |       |       |       |       |     1 |       ||     1
 Abil: Heal Wounds       |       |     1 |     3 |    15 |    14 |    25 ||    58
Evoke: Wand              |       |       |       |     3 |       |       ||     3
       Box of beasts     |       |       |       |       |       |     3 ||     3
  Use: Potion            |     2 |       |       |       |     1 |     1 ||     4
       Scroll            |       |       |       |     1 |     7 |       ||     8
 Stab: Confused          |       |       |       |       |     1 |       ||     1
       Petrified         |       |       |       |       |    19 |       ||    19
       Petrifying        |       |       |       |       |     3 |       ||     3
  Eat: Ration            |       |       |       |       |     1 |     1 ||     2
Armor: Plate armour      |     1 |     6 |    50 |    56 |   118 |   163 ||   394
Dodge: Dodged            |       |       |     5 |    17 |    19 |    42 ||    83
       Repelled          |       |       |       |     4 |     7 |     2 ||    13
Block: Kite shield       |     9 |    23 |   178 |   307 |   448 |   503 ||  1468
       Reflection        |       |       |       |    23 |     9 |    43 ||    75

Table legend:
 A = Non-vault XP
 B = Vault XP
 C = Vault XP percentage of total XP
 D = Non-vault monster count
 E = Vault monster count
 F = Vault count percentage of total count
                 A         B        C        D         E       F
            +---------+---------+-------+---------+---------+-------
      Total |    4710 |  293386 |  98.4 |       7 |     484 |  98.6
            +---------+---------+-------+---------+---------+-------
          D |    4710 |  293386 |  98.4 |       7 |     484 |  98.6
            +---------+---------+-------+---------+---------+-------
